 Dungeon Crawl Stone Soup version 0.28-a0-620-g539b0f7ac7 (webtiles) character file.

Game seed: 8556579936276981542

32 siradein the Ruffian (level 3, 0/33 HPs)
             Began as a Troll Transmuter on Oct 6, 2021.
             Succumbed to an adder's poison
             ... on level 1 of the Dungeon.
             The game lasted 00:01:44 (848 turns).

siradein the Ruffian (Troll Transmuter)              Turns: 848, Time: 00:01:45

Health: 0/33       AC:  4    Str: 18    XL:     3   Next: 8%
Magic:  4/4        EV: 10    Int: 10    God:
Gold:   35         SH:  0    Dex: 10    Spells: 1/4 levels left

rFire   . . .      SeeInvis .     - Unarmed
rCold   . . .      Faith    .   (no shield)
rNeg    . . .      Spirit   .   a - +0 robe
rPois   .          Reflect  .   (helmet restricted)
rElec   .          Harm     .   (no cloak)
rCorr   .          Rampage  .   (gloves unavailable)
Will    .....                   (boots unavailable)
Stlth   +.........              (no amulet)
HPRegen 1.11/turn               (no ring)
MPRegen 0.09/turn               (no ring)

@: lethally poisoned (0 -> -1)
A: large, unfitting armour, claws 3, regeneration 1, shaggy fur 1, tough skin 1
a: no special abilities


You were on level 1 of the Dungeon.
You visited 1 branch of the dungeon, and saw 2 of its levels.

You collected 35 gold pieces.

Inventory:

Armour
 a - a +0 robe (worn)
Scrolls
 c - a scroll of acquirement {unknown}
 d - a scroll of teleportation {unknown}
Potions
 b - a potion of brilliance {unknown}
 e - a potion of curing {unknown}


   Skills:
 + Level 1.2 Fighting
 + Level 1.9 Dodging
 + Level 3.2 Unarmed Combat
 + Level 1.4 Spellcasting
 + Level 1.7 Transmutations


You had one spell level left.
You knew the following spells:

 Your Spells              Type           Power      Damage    Failure   Level
a - Beastly Appendage     Tmut           8%         N/A       16%         1
b - Wereblood             Tmut           4%         N/A       24%         2

Your spell library contained the following spells:

 Spells                   Type           Power      Damage    Failure   Level
 Spider Form              Tmut/Pois      1%         N/A       56%         3
 Ice Form                 Ice/Tmut       2%         N/A       93%         4


Dungeon Overview and Level Annotations

Branches:
Dungeon (2/15)

Altars:

Shops:
D:2 *


Innate Abilities, Weirdness & Mutations

You are too large for most types of armour.
You have claws for hands.
Your natural rate of healing is unusually fast.
You are covered in fur. (AC +1)
You have tough skin. (AC +1)


Message History

You climb upwards.
You feel sick.
There is a stone staircase leading down here.
You barely miss the adder.
The adder is heavily wounded.
You feel sick. The adder closely misses you.
The adder bites you but does no damage.
You scratch the adder but do no damage.
The adder is heavily wounded.
You feel sick. The adder bites you.
* * * LOW HITPOINT WARNING * * *
You miss the adder.
The adder is heavily wounded.
You feel sick.
You are no longer poisoned.
The adder barely misses you.
You barely miss the adder.
The adder is heavily wounded.
The adder bites you.
* * * LOW HITPOINT WARNING * * *
You barely miss the adder.
The adder is heavily wounded.
The adder bites you but does no damage. The adder bites you.
* * * LOW HITPOINT WARNING * * *
You scratch the adder.
The adder is heavily wounded.
The adder bites you.
* * * LOW HITPOINT WARNING * * *
You closely miss the adder.
The adder is heavily wounded.
The adder bites you.
* * * LOW HITPOINT WARNING * * *
You miss the adder.
The adder is heavily wounded.
The adder bites you.
* * * LOW HITPOINT WARNING * * *
You are lethally poisoned!
The adder poisons you!
You scratch the adder but do no damage.
The adder is heavily wounded.
You die...

####.##.....
##########.##.....
#..........##.....
#.....#######.....
#.....# #.....
#.....# #.....
#.....# #.....
#.....# ######
#@....# #.S...#
#.....######
#..........# #
#..........# #
#.#........# #
#.#..รท.....# #
#.#........# #
#.#........#######


You could see an adder.

Vanquished Creatures
  4 ball pythons (D:1)
  2 endoplasms (D:1)
  5 goblins (D:1)
  7 hobgoblins (D:1)
  4 kobolds (D:1)
  A quokka (D:1)
  2 bats (D:1)
  A rat (D:1)
26 creatures vanquished.

Notes
Turn   | Place    | Note
-------+----------+-------------------------------------------
     0 | D:1      | siradein the Troll Transmuter began the quest for the Orb.
     0 | D:1      | Reached XP level 1. HP: 18/18 MP: 1/1
    97 | D:1      | Reached skill level 1 in Fighting
   101 | D:1      | Reached XP level 2. HP: 25/27 MP: 0/3
   121 | D:1      | Learned a level 2 spell: Wereblood
   640 | D:1      | Reached XP level 3. HP: 29/33 MP: 4/4
   823 | D:2      | Found Puid's Assorted Antiques.
   847 | D:1      | HP: 1/33 [adder (3)]
   848 | D:1      | Succumbed to an adder's poison

Illustrated notes

Levels and vault maps discovered:
D:1:      dpeg_arrival_connections, layout_basic, minmay_vboxes
D:2:      layout_basic, serial_shops, nicolae_shop_crystal,
          dreamdust_ecumenical_altar_grove, minmay_statues_item

Skill      XL: |  1 |
---------------+----+-----
Fighting       | 1 |  1.2
Dodging        | |  1.9
Unarmed Combat | |  3.2
Spellcasting   | |  1.4
Transmutations | |  1.7

Action                   || total
-------------------------++-------
Melee: Unarmed           ||    89
       Headbutt          ||     1
       Bite              ||     1
 Cast: Beastly Appendage ||     1
Armor: Robe              ||    33
Dodge: Dodged            ||    37

Table legend: (Time is in decaauts)
 A = Elapsed time spent in this place.
 B = Non-inter-level travel time spent in this place.
 C = Inter-level travel time spent in this place.
 D = Time resting spent in this place.
 E = Time spent auto-exploring this place.
 F = Levels seen in this place.
 G = Mean time per level.
                   A        B        C        D        E       F      G
               +--------+--------+--------+--------+--------+-----+--------+
         Total |    843 |    819 |     24 |      0 |    634 |   2 |  421.5 |
       Dungeon |    843 |    819 |     24 |      0 |    634 |   2 |  421.5 |
               +--------+--------+--------+--------+--------+-----+--------+

Top non-repeatable levels by time:
     D:1: 827 daAuts
     D:2: 15 daAuts
